 Dungeon Crawl Stone Soup version 0.28.0-45-g0d030f2227 (webtiles) character file.

Game seed: 11099099405889932872

38 pkoi the Ruffian (level 3, 0/29 HPs)
             Began as a Demigod Gladiator on Apr 7, 2022.
             Slain by a goblin
             ... wielding a +0 dagger
             ... led by Robin
              (1 damage)
             ... on level 1 of the Dungeon.
             The game lasted 00:01:03 (1525 turns).

pkoi the Ruffian (Demigod Gladiator)                Turns: 1525, Time: 00:01:04

Health: 0/29       AC:  4    Str: 19    XL:     3   Next: 10%
Magic:  5/5        EV: 12    Int: 10    God:
Gold:   38         SH:  0    Dex: 15    Spells: 2/2 levels left

rFire   . . .      SeeInvis .     - Unarmed
rCold   . . .      Faith    .   (no shield)
rNeg    . . .      Spirit   .   a - +0 leather armour
rPois   .          Reflect  .   b - +0 helmet
rElec   .          Harm     .   (no cloak)
rCorr   .          Rampage  .   (no gloves)
Will    .....                   (no boots)
Stlth   +.........              (no amulet)
HPRegen 0.09/turn               (no ring)
MPRegen 0.09/turn               (no ring)

@: no status effects
A: high MP 1, forlorn, divine attributes
a: no special abilities


You were on level 1 of the Dungeon.
You visited 1 branch of the dungeon, and saw 2 of its levels.

You collected 38 gold pieces.

Inventory:

Missiles
 c - 3 throwing nets (quivered)
Armour
 a - a +0 leather armour (worn)
 b - a +0 helmet (worn)
Scrolls
 e - a scroll of amnesia {unknown}
 f - 2 scrolls of identify {unknown}
Potions
 d - a potion of berserk rage {unknown}


   Skills:
 - Level 1.7 Fighting
 - Level 1.7 Throwing
 - Level 2.6 Dodging
 + Level 4.0 Unarmed Combat


You had 2 spell levels left.
You didn't know any spells.
Your spell library was empty.

Dungeon Overview and Level Annotations

Branches:
Dungeon (2/15)

Annotations:
D:2 Robin


Innate Abilities, Weirdness & Mutations

You have an increased reservoir of magic. (+10% MP)
You shall have no god before yourself.
Your divine heritage dramatically boosts your attributes as you level up.


Message History

The goblin hits you but does no damage. x3
You barely miss the goblin.
The goblin is severely wounded.
The goblin hits you with a +0 dagger.
* * * LOW HITPOINT WARNING * * *
The goblin misses you.
Unknown command.
You punch the goblin!
You kill the goblin!
The goblin hits you with a +0 club.
* * * LOW HITPOINT WARNING * * *
The goblin hits you with a +0 dagger.
* * * LOW HITPOINT WARNING * * *
The goblin barely misses you. The goblin hits you but does no damage.
The goblin barely misses you.
Things that are here:
a +0 dagger; a goblin corpse Robin throws the goblin at you!
The goblin hits you but does no damage.
Robin roars a battlecry!
The goblins go into a battle-frenzy!
The goblin closely misses you. The goblin closely misses you.
Robin throws the goblin at you!
* * * LOW HITPOINT WARNING * * *
The goblin hits you but does no damage.
Robin points. "Kill!"
You see here 13 gold pieces.
The goblin barely misses you.
There is a stone staircase leading up here.
The goblin hits you with a +0 dagger.
* * * LOW HITPOINT WARNING * * *
You climb upwards.
There is a stone staircase leading down here.
You closely miss the goblin. The goblin hits you with a +0 dagger.
* * * LOW HITPOINT WARNING * * *
You hit the goblin.
The goblin is heavily wounded.
The goblin hits you with a +0 dagger.
You die...

#.# #.#.#...)...........
#.#
##.#.#.#####.####....
#†# #..#.#.# #....)....
#.# #.##.#.# ######....
#.# #.##.#.# ##... #.#
#.##.#.# #)## #.#
#.##.#.# #.# #.#
#.##.#.# #.# #.#
#.##@#.## #.#
#.###.##g...##########.#
#.##..##..............†#
#.##†####...##########.#
#.##.# ##.............#
#.##.# ###############
#.##.# #.#..# #...##


You could see a goblin (strong).

Vanquished Creatures
  A gnoll (D:1)
  4 endoplasms
  3 giant cockroaches (D:1)
  3 goblins
  A hobgoblin (D:1)
  2 ball pythons
  4 bats (D:1)
  4 frilled lizards (D:1)
  2 kobolds
  4 rats (D:1)
28 creatures vanquished.

Notes
Turn   | Place    | Note
-------+----------+-------------------------------------------
     0 | D:1      | pkoi the Demigod Gladiator began the quest for the Orb.
     0 | D:1      | Reached XP level 1. HP: 17/17 MP: 3/3
   101 | D:1      | Reached skill level 3 in Unarmed Combat
   415 | D:1      | Reached XP level 2. HP: 24/24 MP: 4/4
  1424 | D:1      | Reached XP level 3. HP: 29/29 MP: 5/5
  1500 | D:2      | Reached skill level 4 in Unarmed Combat
  1502 | D:2      | Noticed Robin
  1524 | D:1      | HP: 1/29 [goblin/+0 dagger[Robin] (1)]
  1525 | D:1      | Slain by a goblin

Illustrated notes

Levels and vault maps discovered:
D:1:      erik_arrival_cave_to_civilisation [erik_arrival_cave_to_temple],
          layout_loops_ring, shapermc_ecumenical_altar_totnotflames
D:2:      wad_lake_hut, layout_basic, uniq_robin, uniq_crazy_yiuf_cottage,
          uniq_natasha

Skill      XL: |  1  2  3 |
---------------+----------+-----
Unarmed Combat | 3 4 |  4.0
Fighting       | |  1.7
Throwing       | |  1.7
Dodging        | |  2.6

Action                   || total
-------------------------++-------
Melee: Unarmed           ||   107
       Punch             ||     1
 Stab: Sleeping          ||     2
Armor: Leather armour    ||    41
Dodge: Dodged            ||    85
